 Dungeon Crawl Stone Soup version 0.20.1-1-g8b1a95d (webtiles) character file.

74 keltmir the Changer (level 4, -4/35 HPs)
             Began as a Draconian Transmuter on Nov 1, 2017.
             Killed from afar by Ijyb (16 damage)
             ... with a wand of lightning (?/15)
             ... on level 3 of the Dungeon.
             The game lasted 00:07:52 (2036 turns).

keltmir the Changer (Draconian Transmuter)          Turns: 2036, Time: 00:07:52

Health: -4/35      AC:  2    Str: 12    XL:     4   Next: 9%
Magic:  0/7        EV: 19    Int: 14    God:
Gold:   102        SH:  0    Dex: 17    Spells: 3/7 levels left

rFire    . . .     SeeInvis .     - Unarmed
rCold    . . .     Gourm    .   (shield currently unavailable)
rNeg     . . .     Faith    .   (armour unavailable)
rPois    x         Spirit   .   (helmet currently unavailable)
rElec    .         Reflect  .   (cloak currently unavailable)
rCorr    .         Harm     .   (gloves currently unavailable)
MR       .....                  (boots currently unavailable)
Stlth    ++........             (no amulet)
Regen    0.2/turn               (no ring)
MPRegen  0.1/turn               (no ring)

@: spider-form, very slightly contaminated
A: unfitting armour, AC +5
a: End Transformation


You were on level 3 of the Dungeon.
You were hungry.
You were a venomous arachnid creature.
You visited 1 branch of the dungeon, and saw 4 of its levels.

You collected 102 gold pieces.

Inventory:

Hand Weapons
 r - a +3 spear
Missiles
 a - 64 arrows
Jewellery
 h - an uncursed ring of magical power {unknown}
Scrolls
 f - a scroll of magic mapping
 g - a scroll of blinking
 j - a scroll of recharging {unknown}
Potions
 d - 2 potions of curing
 e - a potion of lignification
 k - a potion of haste {unknown}
 o - a potion of ambrosia {unknown}
Books
 b - a book of Changes

   Spells                             Type                      Level
   a - Beastly Appendage              Transmutation                1
   b - Sticks to Snakes               Transmutation                2
   c - Spider Form                    Transmutation/Poison         3
   d - Ice Form                       Ice/Transmutation            4
   e - Blade Hands                    Transmutation                5
Comestibles
 c - 3 bread rations
 i - 6 fruits
 l - 3 royal jellies
 m - 4 chunks of flesh
 n - a meat ration


   Skills:
 - Level 1.1 Fighting
 - Level 1.7 Dodging
 - Level 3.0 Unarmed Combat
 - Level 2.0 Spellcasting
 * Level 4.4 Transmutations


You had 3 spell levels left.
You knew the following spells:

 Your Spells              Type           Power        Failure   Level  Hunger
a - Beastly Appendage     Tmut           ##....       12%         1    ##.....
b - Spider Form           Tmut/Pois      #.........   50%         3    ####...


Dungeon Overview and Level Annotations

Branches:
Dungeon (4/15)
 Temple: D:4-7

Altars:
Fedhas

Annotations:
D:3 Ijyb


Innate Abilities, Weirdness & Mutations

((Your plain brown scales are hard. (AC +5)))
You cannot fit into any form of body armour.
((You are cold-blooded and may be slowed by cold attacks.))


Message History

You hit Ijyb but do no damage.
Ijyb is poisoned.
Ijyb hits you with a dagger of electrocution.
You are too injured to fight recklessly!
You are too injured to fight recklessly!
You are too injured to fight recklessly!
You are too injured to fight recklessly!
You hit Ijyb.
Ijyb looks as sick as possible!
Ijyb is lightly wounded.
You are feeling hungry.
You hit Ijyb.
Ijyb looks as sick as possible!
Ijyb is lightly wounded.
Ijyb hits you with a dagger of electrocution.
You hit Ijyb.
Ijyb looks as sick as possible!
Ijyb is moderately wounded.
Ijyb screams, "Me stronger than you!" Ijyb completely misses you.
You hit Ijyb but do no damage.
Ijyb looks as sick as possible!
Ijyb is severely wounded.
Ijyb zaps a wand.
The bolt of lightning hits you!
You die...

#######
#............#####..#
##.....#######...#..#
##......#..'(.'..(#..#
##.......#.(#..###'#..#
#........#######.......
#......................
#..................##+#
#......)..####..#+##
#.....s...#.('..#
#....g....#..#..#
##........####..#######
##....................
......................
...########.########.#.
###. #.# #... # . .
#..( . ####..)


You could see Ijyb.

Vanquished Creatures
  Jessica (D:3)
  An ooze (D:2)
  A worm (D:4)
  2 dart slugs (D:1)
  5 bats
  3 giant cockroaches
  5 goblins
  4 hobgoblins
  6 kobolds
  2 frilled lizards
  5 rats
35 creatures vanquished.

Notes
Turn   | Place    | Note
-------+----------+-------------------------------------------
     0 | D:1      | keltmir the Draconian Transmuter began the quest for the Orb.
     0 | D:1      | Reached XP level 1. HP: 16/16 MP: 3/3
   403 | D:1      | Reached XP level 2. HP: 23/23 MP: 3/5
   501 | D:1      | Reached skill level 3 in Transmutations
  1290 | D:1      | Reached XP level 3. HP: 28/28 MP: 6/6
  1295 | D:1      | Learned a level 3 spell: Spider Form
  1449 | D:2      | Found a blossoming altar of Fedhas.
  1778 | D:3      | Noticed Jessica
  1787 | D:3      | Killed Jessica
  1787 | D:3      | Reached skill level 4 in Transmutations
  1912 | D:3      | Reached XP level 4. HP: 34/35 MP: 3/7
  2005 | D:3      | Noticed Ijyb
  2036 | D:3      | Killed from afar by Ijyb

Skill      XL: |  1  2  3 |
---------------+----------+-----
Transmutations | 3 4 |  4.4
Fighting       | |  1.1
Dodging        | |  1.7
Unarmed Combat | |  3.0
Spellcasting   | |  2.0

Action                   |  1- 3 |  4- 6 || total
-------------------------+-------+-------++-------
Melee: Unarmed           |   100 |    14 ||   114
       Kick              |     7 |       ||     7
       Tailslap          |     7 |       ||     7
       Headbutt          |     2 |       ||     2
       Punch             |     2 |       ||     2
 Cast: Beastly Appendage |     9 |       ||     9
       Spider Form       |     2 |     2 ||     4
  Use: Scroll            |     9 |       ||     9
  Eat: Chunk             |     3 |     1 ||     4
Armor: Skin              |    31 |     2 ||    33
Dodge: Dodged            |    59 |     7 ||    66
